 Dungeon Crawl Stone Soup version 0.19.5 (webtiles) character file.

21375 eeldvark the Blocker (level 12, 0/112 HPs)
             Began as a White Draconian Wanderer on Apr 22, 2017.
             Was a Priest of Ru.
             Slain by a slime creature (22 damage)
             ... on level 12 of the Dungeon on Apr 23, 2017.
             The game lasted 01:38:03 (14997 turns).

eeldvark the Blocker (White Draconian Wanderer)    Turns: 14997, Time: 01:38:03

Health: 0/112      AC: 19    Str: 16    XL:     12   Next: 53%
Magic:  12/12      EV: 12    Int: 16    God:    Ru [***...]
Gold:   676        SH:  0    Dex: 13    Spells: 0 memorised, 11 levels left

rFire  . . .     SeeInvis .     r - +5 quarterstaff of Inconvenience {crush, *Noise rPois rC+}
rCold  + + +     Gourm    .     (armour unavailable)
rNeg   . . .     Faith    +     (shield currently unavailable)
rPois  +         Spirit   .     (helmet restricted)
rElec  .         Reflect  .     A - +2 cloak
rCorr  .         Harm     .     B - +0 pair of gloves of Utuan {rC+}
MR     .....                    C - +1 pair of boots of Impressiveness {Int+2}
Stlth  +.........               n - amulet of faith
                                E - +3 ring of protection
                                H - +2 ring of protection

@: no status effects
A: breathe frost, unfitting armour, cold resistance 1, cold-blooded, inability
to use devices, hated by all, AC +8
a: Breathe Frost, Draw Out Power, Renounce Religion


You were on level 12 of the Dungeon.
You worshipped Ru.
Ru was most pleased with you.
You were not hungry.

You visited 2 branches of the dungeon, and saw 15 of its levels.
You also visited: Sewer.

You collected 676 gold pieces.

Inventory:

Hand Weapons
 a - a +5 spear
 b - a +3 war axe
 f - a +0 hand crossbow
 h - a +4 battleaxe
 r - the +5 quarterstaff of Inconvenience (weapon) {crush, *Noise rPois rC+}
   (You found it on level 13 of the Dungeon)

   It inflicts extra damage upon your enemies.
   It protects you from cold.
   It protects you from poison.
   It may make noises in combat.
 w - a +3 spear
 K - a +2 rapier of draining
 P - a +0 scimitar of flaming
Missiles
 e - 47 bolts
Armour
 j - a +1 pair of boots
 y - a +0 shield
 A - a +2 cloak (worn)
 B - the +0 pair of gloves of Utuan (worn) {rC+}
   (You found it on level 8 of the Dungeon)

   It protects you from cold.
 C - the +1 pair of boots of Impressiveness (worn) {Int+2}
   (You found it on level 11 of the Dungeon)

   It affects your intelligence (+2).
Magical Staves
 s - an uncursed staff of power
 u - an uncursed staff of poison
Jewellery
 i - an uncursed amulet of rage {unknown}
 n - an amulet of faith (around neck)
 E - a +3 ring of protection (right hand)
 H - a +2 ring of protection (left hand)
Scrolls
 m - 2 scrolls of remove curse
 q - 2 scrolls of enchant armour
 v - 7 scrolls of teleportation
Potions
 c - 6 potions of brilliance
 k - a potion of haste
 p - 4 potions of flight
 t - 2 potions of cure mutation
Books
 z - a book of Battle

   Spells                             Type                      Level
   a - Infusion                       Charms                       1
   b - Shroud of Golubria             Charms/Translocation         2
   c - Song of Slaying                Charms                       2
   d - Spectral Weapon                Hexes/Charms                 3
   e - Regeneration                   Charms/Necromancy            3
 G - a book of Enchantments

   Spells                             Type                      Level
   a - Cause Fear                     Hexes                        4
   b - Yara's Violent Unravelling     Hexes/Transmutation          5
   c - Silence                        Hexes/Air                    5
   d - Deflect Missiles               Charms/Air                   6
   e - Discord                        Hexes                        8
 M - a book of Minor Magic

   Spells                             Type                      Level
   a - Magic Dart                     Conjuration                  1
   b - Blink                          Translocation                2
   c - Call Imp                       Summoning                    2
   d - Repel Missiles                 Charms/Air                   2
   e - Slow                           Hexes                        2
   f - Conjure Flame                  Conjuration/Fire             3
   g - Mephitic Cloud                 Conjuration/Poison/Air       3
 N - a book of Enchantments

   Spells                             Type                      Level
   a - Cause Fear                     Hexes                        4
   b - Yara's Violent Unravelling     Hexes/Transmutation          5
   c - Silence                        Hexes/Air                    5
   d - Deflect Missiles               Charms/Air                   6
   e - Discord                        Hexes                        8
Comestibles
 d - 10 bread rations
 g - 3 fruits
 o - 7 meat rations
 D - 8 slices of pizza


   Skills:
 - Level 12.0 Fighting
 - Level 1.0(7.8) Axes
 - Level 12.0(12.4) Polearms
 * Level 5.8(9.7) Staves
 - Level 1.0 Dodging
 - Level 12.3 Shields


You had 11 spell levels left.
You didn't know any spells.

Dungeon Overview and Level Annotations

Branches:
Dungeon (14/15)            Temple (1/1) D:7            Lair (0/6) D:9
    Orc (0/2) D:9
 Vaults: D:13-14

Altars:
Ashenzari
Cheibriados
Dithmenos
Elyvilon
Fedhas
Hepliaklqana
Kikubaaqudgha
Makhleb
Nemelex Xobeh
Okawaru
Qazlal
Ru
Sif Muna
Trog
Uskayaw
Vehumet
Xom
Yredelemnul
The Shining One
Beogh

Annotations:
D:5 Sagrath01's ghost, novice MfIE


Innate Abilities, Weirdness & Mutations

You can breathe waves of freezing cold.
You can buffet flying creatures when you breathe cold.
Your icy white scales are hard. (AC +8)
You cannot fit into any form of body armour.
Your flesh is cold resistant. (rC+)
You are cold-blooded and may be slowed by cold attacks.
You cannot study or use magical devices.
You are hated by all.


Message History

You hit the slime creature. You tail-slap the slime creature.
The slime creature is almost dead.
You hit the slime creature.
The slime creature is stunned by your will and fails to attack.
The slime creature hits you.
You slash the slime creature!
The slime creature is almost dead.
You barely miss the slime creature. The slime creature closely misses you.
The slime creature hits you! x2; The slime creature barely misses you.
You slash the slime creature!
You kill the slime creature!
You hit the slime creature. The slime creature hits you!
* * * LOW HITPOINT WARNING * * *
Okay, then.
Wield which item (- for none, * to show all)? (? for menu, Esc to quit)
r - the +5 quarterstaff of Inconvenience (weapon)
{crush, *Noise rPois rC+} You hit the slime creature.
You tail-slap the slime creature.
The slime creature is almost dead.
The slime creature hits you!!
You die...

.....#.# #.##.#.# #
###..<#...#.##...##### ###
#...###.#.###....... #.#
....##..#.###.######
#.############........#.........
#.#..........'.....# #.#..#####
#.#.##########...######.##.# #
#.#.#######............ #.## #
##........##....@..##### #.[# #
.....####.##.....J.# ##.# #
##.#....# #.......# ###.####
#.#<...# #.......# #.......
#.#....# .....###.. .(...#.####
#.#....#####+# .........#..# #
#.+....# ........ ##(# #
###....# .)...... #.### #....#
.... #..##


You could see a slime creature.

Vanquished Creatures
  Erolcha (D:9)
  Erica (D:11)
  A centaur warrior (D:10)
  A death knight (D:11)
  2 skeletal warriors (D:11)
  2 hill giants
  2 cyclopes
  An ugly thing (D:11)
  Maurice (D:11)
  A freezing wraith (D:11)
  A troll (D:10)
  A two-headed ogre (D:10)
  2 slime creatures (D:12)
  2 hippogriffs
  A shadow (D:11)
  A spriggan (D:9)
  A wraith (D:11)
  5 yaks
  A hungry ghost (D:12)
  8 orc warriors
  2 ice beasts
  2 phantoms
  A sky beast (D:6)
  8 ogres
  9 centaurs
  A crocodile (D:13)
  4 big kobolds
  5 bullfrogs
  A scorpion (D:4)
  A water moccasin skeleton (D:10)
  11 killer bees
  5 wights (D:6)
  5 crimson imps
  5 jellies
  2 centaur zombies
  A bullfrog zombie (D:8)
  9 orc priests
  2 bullfrog skeletons
  10 orc wizards
  5 centaur skeletons
  7 hounds
  2 iguanas
  8 worker ants
  2 hound zombies
  A hound skeleton (D:5)
  A howler monkey skeleton (D:6)
  20 adders
  6 river rats
  2 shadow imps
  2 oozes
  An adder skeleton (D:10)
  4 worms
  3 dart slugs
  5 leopard geckos
  38 orcs
  11 giant cockroaches
  14 goblins
  12 hobgoblins
  6 jackals
  22 kobolds
  2 quokkas
  6 ball pythons
  10 bats
  3 frilled lizards
  A leopard gecko skeleton (D:6)
  A leopard gecko zombie (D:8)
  2 quokka skeletons
  36 rats
353 creatures vanquished.

Vanquished Creatures (others)
  An ogre (D:9)
1 creature vanquished.

Grand Total: 354 creatures vanquished

Notes
Turn   | Place    | Note
-------+----------+-------------------------------------------
     0 | D:1      | eeldvark the Draconian Wanderer began the quest for the Orb.
     0 | D:1      | eeldvark set off with: a +2 spear, a scroll of teleportation, a potion of curing, a bread ration
     0 | D:1      | Reached XP level 1. HP: 19/19 MP: 1/1
   292 | D:1      | Reached XP level 2. HP: 15/26 MP: 2/2
   760 | D:1      | Reached XP level 3. HP: 33/33 MP: 3/3
  1261 | D:2      | Found a shadowy altar of Dithmenos.
  1261 | D:2      | Found a radiant altar of Vehumet.
  1352 | D:2      | Reached XP level 4. HP: 38/40 MP: 4/4
  1518 | D:2      | Found a basalt altar of Yredelemnul.
  1519 | D:2      | Found a hazy altar of Hepliaklqana.
  1571 | D:3      | Found a blossoming altar of Fedhas.
  1633 | D:3      | Found a glowing drain.
  1672 | D:3      | Reached skill level 5 in Polearms
  1772 | Sewer    | Entered a sewer
  2170 | Sewer    | Reached XP level 5. HP: 11/46 MP: 5/5
  2878 | Sewer    | Reached XP level 6. HP: 28/52 MP: 6/6
  3405 | D:3      | Found a stormy altar of Qazlal.
  4164 | D:4      | Your scales start taking on an icy white colour.
  4164 | D:4      | Reached XP level 7. HP: 59/59 MP: 7/7
  4164 | D:4      | Gained mutation: Your flesh is cold resistant. (rC+) [White Draconian growth]
  4815 | D:5      | Entered Level 5 of the Dungeon
  4856 | D:5      | Noticed Sagrath01's ghost (novice MfIE)
  5248 | D:5      | Found a sparkling altar of Nemelex Xobeh.
  5532 | D:6      | Reached XP level 8. HP: 43/66 MP: 8/8
  5749 | D:6      | Reached skill level 10 in Polearms
  7114 | D:7      | Reached XP level 9. HP: 60/71 MP: 9/9
  7458 | D:7      | Found a staircase to the Ecumenical Temple.
  8200 | Temple   | Entered the Ecumenical Temple
  8271 | Temple   | Became a worshipper of Ru the Awakened
  8367 | D:8      | Got a pair of scorched gloves
  8378 | D:8      | Identified the +0 pair of gloves of Utuan {rC+} (You found it on level 8 of the Dungeon)
  8411 | D:8      | Reached skill level 5 in Fighting
  9015 | D:8      | Found a bloodstained altar of Trog.
  9016 | D:8      | Found an iron altar of Okawaru.
  9407 | D:9      | Noticed Erolcha
  9444 | D:9      | Killed Erolcha
  9750 | D:9      | Found a staircase to the Orcish Mines.
  9799 | D:9      | Reached XP level 10. HP: 70/91 MP: 10/10
  9954 | D:9      | Reached skill level 10 in Fighting
 10001 | D:9      | Gained mutation: You are hated by all. [Ru sacrifice]
 10001 | D:9      | Reached * piety under Ru
 10115 | D:9      | Found a staircase to the Lair.
 10264 | D:9      | Found a white marble altar of Elyvilon.
 10570 | D:10     | Entered Level 10 of the Dungeon
 10570 | D:10     | Noticed a centaur warrior
 10648 | D:10     | Killed a centaur warrior
 10966 | D:10     | Reached XP level 11. HP: 104/104 MP: 11/11
 11054 | D:10     | Noticed a hill giant
 11084 | D:10     | Killed a hill giant
 11293 | D:10     | Reached skill level 10 in Shields
 11506 | D:11     | Noticed a brown ugly thing
 11533 | D:11     | Killed a purple ugly thing
 11537 | D:11     | Noticed Maurice
 11558 | D:11     | Killed Maurice
 11610 | D:11     | Noticed Erica
 11646 | D:11     | Killed Erica
 11758 | D:11     | Noticed a skeletal warrior
 11759 | D:11     | Noticed a death knight
 11759 | D:11     | Noticed a skeletal warrior
 11785 | D:11     | Killed a skeletal warrior
 11803 | D:11     | Killed a skeletal warrior
 11803 | D:11     | Reached XP level 12. HP: 64/112 MP: 12/12
 12193 | D:11     | You fall through a shaft for 3 floors!
 12336 | D:14     | Noticed a tengu warrior
 12366 | D:13     | Noticed a centaur warrior
 12376 | D:14     | Found a roughly hewn altar of Beogh.
 12807 | D:13     | Got a scorched quarterstaff
 12841 | D:13     | Identified the +5 quarterstaff of Inconvenience {crush, *Noise rPois rC+} (You found it on level 13 of the Dungeon)
 12869 | D:13     | Gained mutation: You cannot study or use magical devices. [Ru sacrifice]
 12869 | D:13     | Reached ** piety under Ru
 12869 | D:13     | Reached *** piety under Ru
 12890 | D:13     | Reached skill level 1 in Staves
 13275 | D:13     | Noticed a centaur warrior
 14293 | D:11     | Got a pair of warped boots
 14304 | D:11     | Identified the +1 pair of boots of Impressiveness {Int+2} (You found it on level 11 of the Dungeon)
 14405 | D:11     | Killed a death knight
 14405 | D:11     | Reached skill level 5 in Staves
 14997 | D:12     | Slain by a slime creature

Skill      XL: |  1  2  3  4  5  6  7  8  9 10 11 12 |
---------------+-------------------------------------+-----
Polearms       | 4 5 6 7 9 11 12 | 12.0
Fighting       | 4 9 11 12 | 12.0
Shields        | 9 11 12 | 12.3
Evocations     | 0 |  0.0
Staves         | 5 |  5.8
Axes           | |  1.0
Dodging        | |  1.0

Action                   |  1- 3 |  4- 6 |  7- 9 | 10-12 || total
-------------------------+-------+-------+-------+-------++-------
Melee: Spear             |   107 |   364 |   627 |   691 ||  1789
       Tailslap          |     5 |    41 |    70 |   120 ||   236
       War axe           |       |       |       |    22 ||    22
       Quarterstaff      |       |       |       |    19 ||    19
Invok: Sacrifice Love    |       |       |       |     1 ||     1
       Draw Out Power    |       |       |       |     1 ||     1
       Sacrifice Artific |       |       |       |     1 ||     1
 Abil: Breathe Frost     |       |       |       |     1 ||     1
Evoke: Wand              |       |       |       |     3 ||     3
       Lamp of fire      |       |       |       |     1 ||     1
  Use: Potion            |       |     9 |     5 |    14 ||    28
       Scroll            |       |     4 |    14 |    12 ||    30
 Stab: Sleeping          |     2 |     4 |     1 |       ||     7
       Distracted        |       |       |     2 |       ||     2
       Invisible         |       |       |       |    12 ||    12
  Eat: Chunk             |     1 |    10 |     6 |    10 ||    27
       Fruit             |       |       |     7 |       ||     7
       Pizza             |       |       |     1 |     1 ||     2
       Bread ration      |       |       |     1 |     1 ||     2
       Royal jelly       |       |       |       |     1 ||     1
       Beef jerky        |       |       |       |     1 ||     1
Armor: Skin              |    18 |    98 |   101 |   119 ||   336
Dodge: Dodged            |    47 |   152 |   135 |   135 ||   469
Block: Shield            |       |       |       |   147 ||   147
